 Dungeon Crawl Stone Soup version 0.24.0-125-gc4c63601f3 (webtiles) character file.

Game seed: 10678862029921898701, levelgen mode: deterministic

49 Frank2 the Cudgeler (level 3, -5/27 HPs)
             Began as a Demonspawn Gladiator on Mar 14, 2020.
             Killed from afar by an orc wizard (6 damage)
             ... with a puff of flame
             ... on level 2 of the Dungeon.
             The game lasted 00:01:37 (1340 turns).

Frank2 the Cudgeler (Demonspawn Gladiator)          Turns: 1340, Time: 00:01:38

Health: -5/27      AC:  5    Str: 14    XL:     3   Next: 51%
Magic:  0/3        EV: 13    Int:  9    God:
Gold:   74         SH:  0    Dex: 15    Spells: 2/2 levels left

rFire    . . .     SeeInvis .   a - +0 flail
rCold    . . .     Gourm    .   (no shield)
rNeg     . . .     Faith    .   b - +0 leather armour
rPois    .         Spirit   +   c - +0 helmet
rElec    .         Reflect  .   i - +0 cloak
rCorr    .         Harm     .   (no gloves)
MR       .....                  (no boots)
Stlth    +.........             (no amulet)
HPRegen  0.09/turn              (no ring)
MPRegen  0.08/turn              (no ring)

@: about to teleport, flying
A: magic shield
a: no special abilities


You were on level 2 of the Dungeon.
You were hungry.

You visited 1 branch of the dungeon, and saw 2 of its levels.

You collected 74 gold pieces.

Inventory:

Hand Weapons
 a - a +0 flail (weapon)
Missiles
 d - 3 throwing nets (quivered)
Armour
 b - a +0 leather armour (worn)
 c - a +0 helmet (worn)
 i - a +0 cloak (worn)
Jewellery
 e - an uncursed ring of see invisible
Scrolls
 g - 2 scrolls of identify
 j - a scroll of teleportation
 m - 3 scrolls of enchant armour {unknown}
 o - 3 scrolls of fear {unknown}
Potions
 l - a potion of invisibility {unknown}
 n - a potion of degeneration {unknown}
Comestibles
 f - 4 rations


   Skills:
 + Level 2.3 Fighting
 + Level 3.4 Maces & Flails
 - Level 1.7 Throwing
 + Level 0.4 Armour
 + Level 3.2 Dodging


You had 2 spell levels left.
You didn't know any spells.
Your spell library was empty.

Dungeon Overview and Level Annotations

Branches:
Dungeon (2/15)

Altars:


Innate Abilities, Weirdness & Mutations

When hurt, damage is shared between your health and your magic reserves.


Message History

You hit the orc wizard.
The orc wizard is lightly wounded.
The orc wizard closely misses you.
The orc wizard mumbles some strange words.
The orc wizard blinks!
The orc wizard misses you.
It was a potion of flight.
You feel very buoyant.
You fly up into the air.
The orc wizard begins to cast a cantrip, but forgets the words!
As you read the scroll labeled HONLY XAJAF, it crumbles to dust.
It is a scroll of identify.
e - an uncursed ring of see invisible The orc wizard hits you but does no damage.
The orc wizard barely misses you.
Okay, then.
As you read the scroll labeled KUACAPRUESOD, it crumbles to dust.
You feel strangely unstable.
It was a scroll of teleportation.
The orc wizard points at you and mumbles some strange words.
The puff of flame hits you!
You die...

..# #.....# #.# # #..#####..
..#### #.....# #.# #......# #..
.....# ####### #.# #....... #..
.....# #.# #.....#.# #..
.....###########.# #.....'.. ...
.....##..........# ##....#.####..
.....##..........# #....#.. #..
.................# #....##. #..
.....##.........@####....## #..
[....##.........#oo†....... ##[
.....##.........#oo........#.###.
.....##.........#..........#.....
#######.........#..........#.....
##'#####+##..........#..... .#
#..........#.....
#..........#.....
############....†


You could see an orc priest, 2 orc wizards and an orc.

Vanquished Creatures
  4 dart slugs
  A leopard gecko (D:2)
  An orc (D:2)
  A ball python (D:1)
  2 giant cockroaches (D:1)
  6 goblins
  6 hobgoblins
  A quokka (D:2)
  4 bats
  2 frilled lizards (D:2)
  2 kobolds
  6 rats
36 creatures vanquished.

Notes
Turn   | Place    | Note
-------+----------+-------------------------------------------
     0 | D:1      | Frank2 the Demonspawn Gladiator began the quest for the
                  | Orb.
     0 | D:1      | Reached XP level 1. HP: 16/16 MP: 1/1
   425 | D:1      | Gained mutation: When hurt, damage is shared between your
                  | health and your magic reserves. [demonic ancestry]
   425 | D:1      | Reached XP level 2. HP: 21/22 MP: 2/2
   827 | D:1      | Reached XP level 3. HP: 23/27 MP: 3/3
  1336 | D:2      | HP: 1/27 [orc wizard/puff of flame (6)]
  1340 | D:2      | Killed from afar by an orc wizard

Levels and vault maps discovered:
D:1:      dpeg_arrival_radiant, layout_basic
D:2:      layout_basic, tso_oasis_becter, minmay_distorted

Skill      XL: |  1  2 |
---------------+-------+-----
Dodging        | 3 |  3.2
Maces & Flails | 3 |  3.4
Fighting       | |  2.3
Throwing       | |  1.7
Armour         | |  0.4

Action                   || total
-------------------------++-------
Melee: Flail             ||   110
  Use: Scroll            ||     2
       Potion            ||     2
  Eat: Chunk             ||     1
Armor: Leather armour    ||    27
Dodge: Dodged            ||    81
